Map: Solaris LE

Players

Deadpool

  • Race: Terran Terran
  • League: Master
  • Spawn Location: 7:00

TerranYOUup - Winner!

  • Race: Terran Terran
  • League: Diamond
  • Spawn Location: 1:00

VOD

Have the link to the VOD?

Description

Time

  • Played on: Nov. 1, 2023, 6:42 p.m.
  • Length: 26:12
Show
View Real Time Build Order
Export as new Build Order

Deadpool Terran 

Build Orders:  

Get SALT Encoding   

  12  0:00  SCV  
  13  0:12  SCV  
  14  0:19  Supply Depot  
  14  0:25  SCV  
  15  0:42  Barracks  
  15  0:44  SCV  
  15  0:46  Refinery  
  16  0:58  Barracks  
  16  1:04  Refinery  
  16  1:09  SCV  
  17  1:21  SCV  
  18  1:30  Reaper  
  19  1:33  SCV  
  20  1:43  Supply Depot  
  20  1:44  Reaper  
  21  1:54  Orbital Command  
  21  2:03  Reaper  
  22  2:17  Reaper  
  22  2:21  Factory  
  22  2:22  SCV  
  24  2:34  SCV  
  24  2:46  SCV  
  24  2:49  Barracks Reactor  
  25  2:56  Supply Depot  
  25  2:58  SCV  
  26  3:06  Factory Tech Lab  
  26  3:11  SCV  
  27  3:20  Starport  
  27  3:25  Marine x2  
  27  3:26  Siege Tank  
  32  3:29  SCV  
  32  3:32  Barracks Tech Lab  
  33  3:41  SCV  
  33  3:44  Marine x2  
  36  3:53  Marine  
  36  3:54  Stimpack  
  37  3:56  SCV  
  38  4:07  Command Center, Supply Depot  
  38  4:14  Starport Reactor, Marine  
  39  4:22  Supply Depot  
  39  4:28  Marine  
  39  4:29  Siege Tank  
  43  4:41  SCV  
  44  4:50  Marine  
  44  4:51  Marine  
  46  4:53  SCV  
  47  5:01  Marine  
  47  5:03  Siege Tank  
  51  5:07  SCV  
  51  5:10  Marine  
  51  5:11  Marine  
  54  5:18  Viking x2  
  58  5:22  Marine  
  59  5:31  SCV  
  59  5:35  Marine x2  
  62  5:38  Combat Shield  
  62  5:42  Siege Tank  
  65  5:43  Orbital Command  
  65  5:44  SCV  
  66  5:54  Viking  
  68  5:59  SCV  
  69  6:06  Supply Depot, Refinery  
  69  6:11  SCV  
  70  6:16  SCV  
  69  6:23  SCV  
  69  6:25  Marine  
  69  6:27  Marine x2  
  72  6:37  Command Center, Supply Depot  
  72  6:41  SCV  
  72  6:43  Medivac x2  
  72  6:46  SCV, Supply Depot  
  78  6:58  SCV, Marine x3  
  82  7:01  Supply Depot  
  82  7:11  Concussive Shells  
  82  7:15  Viking  
  82  7:16  Viking  
  82  7:17  SCV, Refinery  
  82  7:20  SCV  
  88  7:24  Supply Depot  
  88  7:29  SCV  
  89  7:32  SCV  
  90  7:41  SCV  
  91  7:44  SCV  
  92  7:53  SCV  
  93  8:04  Viking x2  
  97  8:15  Siege Tank  
  97  8:16  Marine x2  
  97  8:17  Marine  
  103  8:23  Barracks  
  103  8:24  Barracks x4  
  103  8:25  Factory  
  103  8:27  Engineering Bay  
  103  8:28  Engineering Bay  
  103  8:30  SCV  
  104  8:40  SCV  
  105  8:43  SCV  
  104  8:53  SCV  
  105  8:55  Viking x2  
  86  9:21  Marine x3, SCV  
  86  9:23  SCV  
  77  9:28  Orbital Command  
  77  9:29  Siege Tank  
  75  9:31  Barracks Reactor x2  
  75  9:32  Barracks Tech Lab  
  75  9:33  Barracks Tech Lab  
  75  9:34  Barracks Reactor  
  75  9:39  Marine x2  
  75  9:40  SCV  
  75  9:41  SCV  
  75  9:42  Factory Tech Lab  
  75  9:45  Terran Infantry Weapons Level 1, Terran Infantry Armor Level 1  
  79  9:52  SCV  
  79  9:53  SCV  
  79  9:55  Marauder x2  
  79  9:56  Marauder  
  79  9:57  Marine x2  
  89  10:00  SCV  
  89  10:05  Siege Tank x2, SCV  
  97  10:10  Armory x2  
  97  10:13  Orbital Command  
  97  10:20  SCV  
  98  10:26  SCV  
  99  10:30  Viking x2, Marine  
  99  10:31  Marine x6  
  99  10:32  Marauder x2  
  114  10:46  Siege Tank  
  114  10:47  Siege Tank  
  114  10:48  Supply Depot  
  120  10:50  Supply Depot  
  120  11:00  Supply Depot, SCV  
  120  11:02  Refinery  
  120  11:03  Refinery  
  121  11:10  Command Center  
  121  11:19  SCV x2  
  123  11:33  Terran Vehicle Weapons Level 1, Terran Vehicle And Ship Armor Level 1  
  123  11:37  Starport  
  123  11:38  Supply Depot  
  123  11:41  Siege Tank x2  
  123  11:46  Marine x4  
  133  11:47  Marauder x2  
  137  12:02  Terran Infantry Weapons Level 2  
  137  12:04  Terran Infantry Armor Level 2  
  137  12:05  Marine  
  137  12:06  Supply Depot, Marine x6  
  137  12:07  SCV  
  145  12:23  Marine  
  145  12:24  Marine  
  145  12:28  Siege Tank x2  
  153  12:41  Refinery  
  153  12:42  Missile Turret  
  153  12:43  Starport Reactor, Refinery  
  152  12:45  Marine  
  152  12:46  Supply Depot, Marine x2  
  152  12:47  Marauder x2  
  158  13:00  Viking x2  
  161  13:08  Marauder x2  
  165  13:18  SCV  
  166  13:23  Barracks Tech Lab, SCV  
  131  13:29  Marauder  
  119  13:35  Siege Tank x2, Marine x3  
  119  13:36  Marauder  
  130  13:44  Marine x3  
  130  13:45  Viking x4, Marauder  
  143  13:50  Planetary Fortress  
  143  13:51  Marauder  
  145  13:57  Marauder  
  147  14:05  Command Center  
  147  14:07  Siege Tank  
  147  14:09  Marine x3  
  151  14:10  Marine x2  
  151  14:11  Marauder  
  151  14:12  Marauder  
  151  14:15  Medivac x4  
  167  14:19  Marauder  
  167  14:23  SCV x2  
  171  14:31  SCV  
  150  14:46  Siege Tank x2  
  152  14:55  SCV  
  153  15:04  Marine x2  
  153  15:05  Marine x3  
  153  15:06  Marauder x3  
  164  15:11  SCV  
  164  15:12  SCV  
  161  15:21  SCV  
  155  15:33  Siege Tank x2, Marine x4  
  155  15:34  Marauder, Marine x2  
  155  15:35  Marauder x2  
  165  15:37  Terran Infantry Weapons Level 3  
  165  15:38  Terran Infantry Armor Level 3, Terran Vehicle Weapons Level 2, Terran Vehicle And Ship Armor Level 2  
  162  15:52  Planetary Fortress  
  162  15:54  Missile Turret  
  162  15:56  Marauder  
  164  16:08  SCV x2  
  166  16:15  Missile Turret  
  166  16:24  Marine x2  
  122  16:37  Marine x4  
  122  16:38  Marauder x2, Marine  
  122  16:39  Marauder  
  116  16:43  Siege Tank  
  116  16:44  Siege Tank, Marine x3  
  116  16:46  Viking x4  
  127  16:54  Refinery  
  127  16:56  Refinery  
  127  17:00  Marauder x2  
  131  17:10  Marine x7  
  131  17:11  Marauder  
  140  17:15  Viking  
  140  17:16  Siege Tank x2  
  140  17:21  Marauder  
  150  17:25  Command Center  
  146  17:32  SCV  
  143  17:43  Marine  
  143  17:44  Marine x6  
  143  17:45  Marauder x3  
  143  17:48  Viking  
  143  17:49  Viking x2  
  143  17:50  Viking  
  143  17:51  Siege Tank  
  166  18:09  Command Center  
  166  18:21  Terran Vehicle And Ship Armor Level 3, Terran Vehicle Weapons Level 3  
  166  18:24  Refinery x2  
  166  18:30  Marine x3  
  166  18:31  Medivac x2  
  173  18:35  Supply Depot  
  172  18:59  Siege Tank  
  172  19:00  Siege Tank, Marine x3  
  172  19:02  Marauder  
  129  19:27  Liberator  
  129  19:28  Liberator  
  129  19:29  SCV  
  141  19:43  SCV  
  125  20:01  Factory x2  
  101  22:56  Liberator x2  
  85  23:23  Starport  
  85  23:25  Fusion Core  
  77  23:37  Orbital Command  
  60  24:01  Factory Tech Lab  
  60  24:06  Factory Tech Lab  
  66  24:29  Siege Tank  
  66  24:30  Siege Tank  
  66  24:32  Starport Reactor, Advanced Ballistics  
  66  24:38  Barracks  
  66  24:41  Command Center  
  66  24:45  Smart Servos  
  62  25:18  Supply Depot  
  62  25:19  Supply Depot  
  62  25:20  Supply Depot  
  62  25:21  Supply Depot  
  70  25:52  SCV  
Show
View Real Time Build Order
Export as new Build Order

TerranYOUup Terran - Winner!

Build Orders: 2 Factory, Cyclone Opening 

Get SALT Encoding   

  12  0:01  SCV  
  13  0:13  SCV  
  14  0:20  Supply Depot  
  14  0:25  SCV  
  15  0:33  Refinery  
  15  0:42  SCV  
  16  0:46  Barracks  
  16  0:54  SCV  
  17  0:58  Refinery  
  17  1:06  SCV  
  18  1:18  SCV  
  19  1:30  SCV  
  20  1:33  Factory  
  20  1:34  Barracks Tech Lab  
  20  1:38  Supply Depot  
  20  1:43  SCV  
  21  1:53  Marauder, Concussive Shells  
  23  2:04  Orbital Command  
  23  2:15  Marauder  
  25  2:23  Cyclone  
  27  2:30  SCV  
  27  2:33  Supply Depot  
  28  2:49  SCV  
  29  3:01  SCV  
  29  3:02  Factory  
  29  3:04  Siege Tank  
  33  3:23  Command Center  
  33  3:48  Command Center  
  33  3:49  Factory Tech Lab  
  33  4:05  Starport  
  33  4:06  Starport  
  33  4:10  SCV  
  33  4:15  Siege Tank  
  37  4:32  SCV  
  37  4:34  Orbital Command, Siege Tank  
  41  4:44  SCV  
  42  4:54  Refinery  
  42  4:57  SCV  
  43  5:00  Starport Reactor x2  
  43  5:08  Refinery  
  43  5:09  SCV  
  43  5:10  SCV  
  46  5:18  Orbital Command  
  46  5:21  SCV  
  46  5:22  SCV  
  47  5:33  SCV  
  47  5:34  SCV  
  49  5:39  Viking x2  
  53  5:44  Viking  
  53  5:45  SCV  
  53  5:46  SCV  
  53  5:47  SCV  
  58  5:57  SCV  
  58  5:58  SCV  
  58  5:59  SCV  
  59  6:26  Viking, Siege Tank x2  
  59  6:27  Viking  
  69  6:33  Viking x2, SCV x2  
  69  6:34  Supply Depot  
  69  6:38  Supply Depot  
  69  6:39  SCV  
  76  6:45  SCV  
  77  6:56  SCV x2  
  77  6:57  SCV  
  80  7:03  Hellion x2  
  86  7:08  SCV x2  
  86  7:13  Orbital Command  
  86  7:17  SCV  
  86  7:20  SCV  
  88  7:26  Engineering Bay  
  88  7:36  Siege Tank  
  91  7:38  Refinery  
  91  7:39  Viking  
  91  7:40  Command Center  
  91  7:41  Refinery  
  93  7:56  Supply Depot  
  93  7:57  Viking, Siege Tank, Supply Depot, SCV x3  
  100  8:09  SCV  
  101  8:16  Sensor Tower  
  101  8:17  Viking x2  
  101  8:18  SCV x2  
  107  8:22  Viking  
  109  8:29  Supply Depot x2  
  109  8:32  Sensor Tower  
  109  8:35  Factory  
  109  8:37  Factory  
  109  8:39  Factory  
  109  8:41  SCV x2  
  109  8:51  Siege Tank, SCV  
  109  8:53  Viking x4  
  109  8:55  Siege Tank, SCV  
  114  9:23  Siege Tank  
  106  9:28  Siege Tank  
  106  9:29  Viking x3, SCV x2  
  106  9:30  SCV  
  118  9:41  SCV  
  119  9:53  Command Center  
  119  9:55  Siege Tank, Factory Reactor  
  119  9:56  Factory Reactor x2  
  122  10:02  Factory  
  122  10:04  Armory  
  122  10:05  Sensor Tower  
  122  10:06  Factory  
  122  10:11  SCV x3  
  125  10:14  Planetary Fortress  
  125  10:26  Missile Turret  
  125  10:29  Missile Turret  
  125  10:30  SCV  
  125  10:31  SCV x2  
  125  10:32  Missile Turret  
  128  10:43  Siege Tank, SCV  
  128  10:48  Factory Tech Lab  
  128  10:49  Factory Tech Lab  
  132  10:52  Supply Depot  
  132  10:53  Supply Depot  
  132  10:54  Terran Vehicle Weapons Level 1  
  132  10:59  Missile Turret  
  132  11:05  Siege Tank, Hellion x5, SCV  
  132  11:06  Refinery  
  132  11:07  Refinery  
  132  11:08  Missile Turret  
  132  11:11  Missile Turret  
  146  11:14  Hellion  
  146  11:15  Siege Tank  
  146  11:17  SCV x4  
  156  11:24  Siege Tank x2  
  161  11:27  Hellion  
  161  11:32  Supply Depot  
  163  11:35  Supply Depot  
  163  11:37  Supply Depot  
  163  11:46  Supply Depot  
  163  11:48  Supply Depot  
  163  11:53  Siege Tank x2  
  163  11:54  Hellion  
  171  11:57  Viking, Hellion x2, SCV x2  
  171  11:59  Viking, Hellion x2, Supply Depot, SCV x2  
  187  12:01  Supply Depot  
  187  12:07  Armory  
  187  12:09  SCV x2  
  187  12:11  SCV x2  
  191  12:21  SCV x2  
  193  12:23  SCV x2  
  193  12:27  Planetary Fortress  
  195  12:33  SCV x2  
  197  12:44  Sensor Tower  
  197  12:53  Siege Tank  
  200  12:58  Infernal Pre-Igniter  
  200  12:59  Smart Servos  
  122  13:31  Siege Tank x3  
  122  13:32  Siege Tank, Hellion x2  
  122  13:33  Viking x3, Hellion x4  
  120  13:37  SCV x3  
  120  13:38  SCV x2  
  120  13:40  Terran Vehicle Weapons Level 2, Terran Vehicle And Ship Armor Level 1  
  125  13:47  Viking  
  127  13:49  SCV x2  
  127  13:54  Hellion x6  
  141  14:01  SCV  
  141  14:02  Missile Turret, SCV x2  
  144  14:03  Viking x3, Siege Tank x2  
  144  14:04  Siege Tank x2  
  162  14:13  Refinery  
  162  14:15  Refinery  
  162  14:19  Command Center  
  162  14:22  Missile Turret  
  155  14:30  Hellion x6  
  133  14:35  Siege Tank  
  133  14:36  Siege Tank x3  
  108  14:51  Hellion x3  
  108  14:52  Viking x4, Hellion x3  
  118  15:08  Siege Tank x4  
  130  15:15  Hellion x4  
  120  15:33  SCV x4  
  118  15:37  Hellion x2  
  118  15:38  Hellion  
  118  15:40  Siege Tank x4  
  136  15:48  Terran Vehicle And Ship Armor Level 2  
  136  16:00  Hellion  
  136  16:01  Hellion x5  
  148  16:09  SCV x3  
  148  16:10  Sensor Tower  
  151  16:12  Siege Tank x2  
  155  16:21  Siege Tank x2  
  155  16:22  Hellion x4  
  111  16:38  Viking x2  
  111  16:39  SCV x2  
  116  16:40  SCV x2  
  116  16:44  Siege Tank x2  
  123  16:51  Planetary Fortress, SCV x2  
  123  16:52  SCV x2  
  123  16:53  Siege Tank x2  
  133  17:01  Refinery  
  133  17:02  Sensor Tower  
  133  17:03  Refinery  
  133  17:05  Hellion x4  
  141  17:16  Siege Tank  
  141  17:18  Siege Tank, Hellion x2  
  151  17:25  Siege Tank x2  
  151  17:44  Hellion x4  
  151  17:45  Hellion x2  
  151  17:48  Siege Tank, SCV x3  
  151  17:50  Siege Tank  
  166  17:54  Missile Turret  
  166  17:57  Siege Tank x2  
  172  18:01  Command Center  
  172  18:07  Hellion  
  172  18:08  Hellion x5  
  184  18:20  Siege Tank  
  184  18:23  Siege Tank  
  190  18:29  Siege Tank, Hellion x3  
  199  18:48  Terran Vehicle And Ship Armor Level 3  
  194  19:16  Siege Tank x4  
  199  19:17  Hellion x2  
  146  20:17  Factory x3  
  146  20:18  Factory x2  
  146  20:27  Armory  
  137  20:53  Factory Tech Lab  
  133  20:59  Factory Tech Lab  
  133  21:02  Factory Tech Lab  
  123  21:06  Factory Tech Lab x4  
  123  21:07  Factory Reactor  
  123  21:22  Supply Depot  
  123  21:24  Supply Depot  
  123  21:25  Supply Depot  
  123  21:26  Supply Depot  
  123  21:28  Supply Depot  
  123  21:29  Supply Depot  
  123  21:31  Supply Depot x2  
  121  21:34  Supply Depot  
  121  21:35  Orbital Command  
  121  21:36  Supply Depot  
  113  21:52  Thor x2  
  138  22:13  Factory Reactor, Refinery x2  
  138  22:14  Hellion  
  119  22:20  Hellion  
  115  22:25  Command Center  
  106  22:35  Hellion, Thor, Cyclone, Terran Vehicle Weapons Level 3  
  114  22:42  Hellion  
  105  22:58  Siege Tank  
  92  23:00  Hellion  
  92  23:01  Hellion  
  98  23:06  Starport  
  98  23:07  Starport  
  98  23:09  Supply Depot x2  
  98  23:10  Supply Depot  
  89  23:13  Supply Depot  
  88  23:37  Hellion x2  
  90  23:41  Factory Tech Lab  
  90  23:43  Factory Tech Lab  
  87  23:53  Starport Reactor  
  87  23:54  Starport Reactor  
  87  23:56  Command Center  
  87  23:58  Hellion x2  
  91  24:20  Hellion x2  
  91  24:21  Thor x2  
  107  24:29  Barracks, SCV  
  108  24:36  Viking  
  108  24:37  Viking x3, Engineering Bay  
  116  24:42  Supply Depot  
  116  24:43  Supply Depot  
  116  24:44  Unknown  
  116  24:45  Hellion x2  
  120  25:04  Thor x2  
  132  25:14  Viking x2  
  134  25:17  Planetary Fortress  
  134  25:21  SCV  
  141  25:28  Hellion x2  
  141  25:37  Supply Depot  
  141  25:39  Supply Depot  
Tags
 
Add a new tag
Caveats
  • Supply blocks, unpowered buildings, or Contaminate may cause inaccurate times.
  • Supply counts are checked every 10 seconds.